 Dungeon Crawl Stone Soup version 0.20.1-1-g8b1a95d (webtiles) character file.

889 sprush the Chucker (level 7, -2/65 HPs)
             Began as a Troll Hunter on Nov 12, 2017.
             Was a Follower of Trog.
             Slain by an orc warrior
             ... wielding a +2 glaive of freezing
              (10 damage)
             ... on level 5 of the Dungeon.
             The game lasted 00:28:25 (3063 turns).

sprush the Chucker (Troll Hunter)                   Turns: 3063, Time: 00:28:26

Health: -2/65      AC:  4    Str: 22    XL:     7   Next: 77%
Magic:  6/6        EV: 10    Int:  9    God:    Trog [*.....]
Gold:   129        SH:  0    Dex: 11    Spells: 6/6 levels left

rFire    . . .     SeeInvis .     - Unarmed
rCold    . . .     Gourm    +   (no shield)
rNeg     . . .     Faith    .   b - +0 robe
rPois    +         Spirit   .   (helmet restricted)
rElec    .         Reflect  .   (no cloak)
rCorr    .         Harm     .   (gloves unavailable)
MR       .....                  (boots unavailable)
Stlth    +.........             (no amulet)
Regen    0.6/turn               t - ring of poison resistance
MPRegen  0.1/turn               (no ring)

@: berserk cooldown, slowed, very slow
A: unfitting armour, claws 3, talons 2, clever 1, deformed body, fast metabolism
3, gourmand, poison resistance, regeneration 1, shaggy fur 1, tough skin 2,
subdued magic 1
a: Berserk, Burn Spellbooks, Renounce Religion


You were on level 5 of the Dungeon.
You worshipped Trog.
Trog was aware of your devotion.
You were very full.

You visited 1 branch of the dungeon, and saw 5 of its levels.

You collected 129 gold pieces.

Inventory:

Hand Weapons
 a - a +0 short sword
 p - a +0 hunting sling
 w - a +3 quarterstaff of chaos
 y - a +2 mace of protection
 F - a +1 flail of venom
 G - a +0 blowgun
Missiles
 c - 4 large rocks
 d - 2 throwing nets
 h - 37 bolts
 i - 93 stones (quivered)
 l - 41 arrows
 o - 9 tomahawks
 D - 31 sling bullets
 H - 36 poisoned needles
Armour
 b - a +0 robe (worn)
 x - a +0 cloak
Jewellery
 t - a ring of poison resistance (left claw)
 u - an uncursed ring of teleportation
 z - an uncursed ring of loudness
Wands
 B - a wand of paralysis (14/24)
Scrolls
 m - a scroll of enchant armour {unknown}
 q - 2 scrolls of identify {unknown}
 A - a scroll of blinking {unknown}
 C - a scroll of teleportation {unknown}
 E - a scroll of fog {unknown}
Potions
 e - 5 potions of curing {unknown}
 k - a potion of cancellation {unknown}
 n - a potion of brilliance {unknown}
 r - a potion of flight {unknown}
 s - a potion of degeneration {unknown}
 I - a potion of ambrosia {unknown}
Comestibles
 f - 4 bread rations
 g - 3 royal jellies
 j - 5 chunks of flesh
 v - 3 meat rations


   Skills:
 + Level 2.1 Fighting
 + Level 6.1 Throwing
 + Level 2.4 Dodging
 + Level 0.9 Stealth
 * Level 6.0 Unarmed Combat


You had 6 spell levels left.
You didn't know any spells.

Dungeon Overview and Level Annotations

Branches:
Dungeon (5/15)
 Temple: D:4-7

Altars:
Dithmenos
Hepliaklqana
Makhleb
Nemelex Xobeh
Trog


Innate Abilities, Weirdness & Mutations

You are too large for most types of armour.
You have claws for hands.
Your metabolism is lightning-fast.
You like to eat raw meat.
Your natural rate of healing is unusually fast.
You are covered in fur. (AC +1)
You have very tough skin. (AC +2)
You have razor-sharp toenails.
Your mind is acute. (Int +2)
Armour fits poorly on your strangely shaped body.
Your system is resistant to poisons. (rPois)
Your spells are a little easier to cast, but a little less powerful.


Message History

The orc hits you with a whip.
You closely miss something.
You hear some strange, mumbled words.
A magic dart appears from out of thin air!
The magic dart hits you! The orc hits you with a whip.
The orc sings a few bars from the Orcish anthem.
The orc barely misses you. Something hits you. The orc barely misses you.
The orc warrior hits you from afar with a glaive of freezing!!
* * * LOW HITPOINT WARNING * * *
The orc warrior freezes you.
* * * LOW HITPOINT WARNING * * *
You claw the orc!
You kill the orc!
Trog accepts your kill.
You hear some strange, mumbled words.
A puff of flame appears from out of thin air!
The puff of flame hits you!
* * * LOW HITPOINT WARNING * * *
The orc warrior hits you from afar with a glaive of freezing!
You die...

###..##.#.# ##.......#
#.^.......###.........
#.##........'.........
#. #.#.###############
# #.######..........
#%# ##8..8..8..8.. #
#.###ooo...o......
#.##.#.oooo).o....o.o
#....@)#.oo......o.oo
####.####8..8..8..8oo
#.######........o.
#...# ###########
#..## #..# ...# #....
#...##


You could see an orc warrior and 6 orcs.

Vanquished Creatures
  Edmund (D:4)
  A sky beast (D:5)
  The ghost of broninjaking the Ruffian, an amateur DrTm (D:5)
  A scorpion (D:5)
  A water moccasin skeleton (D:5)
  A howler monkey (D:4)
  2 hounds
  Crazy Yiuf (D:3)
  2 orc priests
  2 iguanas
  2 worker ants (D:4)
  An orc wizard (D:5)
  A howler monkey skeleton (D:4)
  7 adders
  A shadow imp (D:5)
  An adder zombie (D:5)
  2 worms
  2 dart slugs
  2 leopard geckos (D:2)
  16 orcs
  5 giant cockroaches
  8 goblins
  5 hobgoblins
  5 jackals
  7 kobolds
  4 quokkas
  A ball python (D:4)
  8 bats
  9 frilled lizards
  7 rats
107 creatures vanquished.

Notes
Turn   | Place    | Note
-------+----------+-------------------------------------------
     0 | D:1      | sprush the Troll Hunter began the quest for the Orb.
     0 | D:1      | Reached XP level 1. HP: 19/19 MP: 0/0
   141 | D:1      | Reached XP level 2. HP: 27/27 MP: 1/1
   311 | D:1      | Reached skill level 1 in Unarmed Combat
   643 | D:2      | Reached XP level 3. HP: 30/33 MP: 2/2
  1059 | D:2      | Reached XP level 4. HP: 15/42 MP: 3/3
  1267 | D:2      | Found a shadowy altar of Dithmenos.
  1267 | D:2      | Found a sparkling altar of Nemelex Xobeh.
  1268 | D:2      | Found a hazy altar of Hepliaklqana.
  1470 | D:3      | Found a bloodstained altar of Trog.
  1512 | D:3      | Became a worshipper of Trog the Wrathful
  1584 | D:3      | Found a runed door.
  1588 | D:3      | Noticed Crazy Yiuf
  1590 | D:3      | Killed Crazy Yiuf
  1590 | D:3      | Reached XP level 5. HP: 49/49 MP: 4/4
  1904 | D:4      | Reached skill level 5 in Throwing
  1919 | D:4      | Reached XP level 6. HP: 57/57 MP: 5/5
  2229 | D:4      | Noticed Edmund
  2240 | D:4      | Killed Edmund
  2309 | D:4      | Found a burning altar of Makhleb.
  2526 | D:5      | Entered Level 5 of the Dungeon
  2557 | D:5      | Reached skill level 5 in Unarmed Combat
  2557 | D:5      | Reached XP level 7. HP: 65/65 MP: 6/6
  2818 | D:5      | Noticed broninjaking's ghost (amateur DrTm)
  2834 | D:5      | Killed broninjaking's ghost
  2834 | D:5      | Reached * piety under Trog
  2850 | D:5      | Gained mutation: Your spells are a little easier to cast, but a little less powerful. [mutagenic meat]
  2855 | D:5      | Gained mutation: Your mind is acute. (Int +2) [mutagenic meat]
  2856 | D:5      | Gained mutation: You have sharp toenails. [mutagenic meat]
  2857 | D:5      | Gained mutation: Your system is resistant to poisons. (rPois) [mutagenic meat]
  2858 | D:5      | Gained mutation: Armour fits poorly on your strangely shaped body. [mutagenic meat]
  2859 | D:5      | Gained mutation: You have razor-sharp toenails. [mutagenic meat]
  3009 | D:5      | Found a runed door.
  3063 | D:5      | Slain by an orc warrior

Skill      XL: |  1  2  3  4  5  6  7 |
---------------+----------------------+-----
Throwing       | 4 5 6 |  6.1
Unarmed Combat | 1 2 3 5 6 |  6.0
Dodging        | 2 |  2.4
Fighting       | 2 |  2.1
Stealth        | |  0.9

Action                   |  1- 3 |  4- 6 |  7- 9 || total
-------------------------+-------+-------+-------++-------
Melee: Unarmed           |    81 |    79 |    60 ||   220
       Punch             |     1 |     2 |       ||     3
       Kick              |       |       |     8 ||     8
Throw: Large rock        |    11 |     8 |     8 ||    27
       Stone             |    92 |    54 |    21 ||   167
       Tomahawk          |       |    17 |     7 ||    24
Invok: Berserk           |       |       |     1 ||     1
  Use: Scroll            |       |     2 |     1 ||     3
  Eat: Chunk             |    15 |    14 |    10 ||    39
Armor: Robe              |    41 |    18 |    14 ||    73
Dodge: Dodged            |    44 |    28 |    22 ||    94
